Map: Oxide LE

Players

HeroMarine - Winner!

  • Race: Terran Terran

DPGZest (Zest)

  • Race: Protoss Protoss

VOD

Have the link to the VOD?

Description

Time

  • Played on: May 10, 2021, 7:06 a.m.
  • Length: 6:59
Show
View Real Time Build Order
Export as new Build Order

HeroMarine Terran - Winner!

Build Orders:  

Get SALT Encoding   

  12  0:00  SCV  
  13  0:12  SCV  
  14  0:17  Supply Depot  
  14  0:24  SCV  
  15  0:38  SCV  
  15  0:40  Barracks  
  16  0:43  Refinery  
  16  0:51  SCV  
  17  1:03  SCV  
  18  1:15  SCV  
  19  1:26  Marine  
  19  1:27  Orbital Command  
  20  1:39  Command Center  
  20  1:45  Barracks Reactor  
  20  1:51  Supply Depot  
  20  1:52  SCV  
  21  2:04  SCV  
  21  2:07  Factory  
  22  2:13  Refinery  
  22  2:16  SCV  
  22  2:21  Marine x2  
  25  2:27  Bunker  
  25  2:29  SCV  
  26  2:39  Marine x2  
  26  2:41  SCV  
  28  2:52  Widow Mine, Starport  
  28  2:53  SCV  
  31  3:05  Orbital Command  
  30  3:06  SCV  
  30  3:08  Marine  
  30  3:11  Marine  
  33  3:16  Widow Mine  
  33  3:18  SCV  
  37  3:27  Supply Depot  
  37  3:28  Medivac  
  37  3:30  SCV  
  37  3:33  Marine  
  40  3:35  Marine  
  40  3:37  Factory Tech Lab  
  40  3:40  SCV  
  42  3:43  SCV  
  43  3:51  Marine  
  43  3:52  Marine, SCV  
  43  3:54  Supply Depot  
  43  3:55  SCV  
  47  4:02  Factory Tech Lab  
  47  4:04  SCV  
  47  4:05  Raven  
  47  4:07  SCV  
  47  4:09  Marine  
  52  4:10  Marine  
  52  4:14  Barracks  
  52  4:16  Supply Depot  
  53  4:18  SCV  
  53  4:19  SCV  
  53  4:21  Siege Tank  
  58  4:30  SCV  
  59  4:31  SCV  
  59  4:33  Marine x2  
  59  4:34  Barracks  
  62  4:41  Engineering Bay  
  62  4:44  SCV x2  
  64  4:48  Viking  
  64  4:51  Marine  
  67  4:52  Marine  
  67  4:59  Siege Tank  
  69  5:03  SCV x2  
  67  5:08  Marine x2  
  67  5:09  Missile Turret  
  67  5:10  Marine  
  70  5:20  Supply Depot  
  68  5:25  Marine, Missile Turret  
  68  5:26  Banshee, Marine  
  73  5:29  Marine x2  
  73  5:34  Siege Tank  
  78  5:41  SCV  
  79  5:43  Supply Depot, Marine  
  79  5:45  Marine  
  79  5:47  Marine  
  81  5:53  Supply Depot  
  81  5:59  Marine  
  81  6:01  Marine  
  81  6:03  Marine  
  84  6:09  SCV x2  
  86  6:11  Supply Depot  
  86  6:15  Siege Tank, Banshee  
  86  6:16  Marine  
  86  6:17  Marine  
  94  6:19  Marine  
  94  6:21  SCV  
  94  6:22  SCV  
  88  6:33  SCV, Marine  
  88  6:34  SCV, Marine  
  88  6:35  Marine  
  88  6:39  Marine  
  87  6:45  SCV  
  87  6:46  SCV  
Show
View Real Time Build Order
Export as new Build Order

DPGZest Protoss 

Build Orders: 1 Gate Expand, Zealot Archon, Archon Drop, Dark Templar Rush 

Get SALT Encoding   

  12  0:09  Pylon  
  12  0:14  Probe  
  13  0:28  Gateway  
  13  0:31  Probe (Chrono Boost)  
  14  0:41  Assimilator, Probe (Chrono Boost)  
  15  0:46  Probe (Chrono Boost)  
  16  0:57  Probe  
  17  1:09  Probe  
  18  1:14  Cybernetics Core  
  20  1:22  Probe  
  19  1:32  Nexus  
  19  1:35  Probe  
  20  1:41  Pylon  
  21  1:47  Probe  
  21  1:48  Adept (Chrono Boost)  
  23  1:56  Assimilator  
  23  1:59  Probe  
  24  2:02  Warp Gate  
  24  2:08  Adept (Chrono Boost)  
  24  2:13  Probe  
  27  2:25  Probe  
  28  2:31  Adept (Chrono Boost)  
  30  2:38  Probe  
  31  2:45  Probe  
  31  2:47  Twilight Council  
  31  2:50  Probe  
  33  2:57  Probe  
  34  3:02  Probe (Chrono Boost)  
  34  3:04  Robotics Facility  
  35  3:09  Probe (Chrono Boost)  
  36  3:18  Gateway  
  38  3:20  Probe x2 (Chrono Boost)  
  38  3:25  Dark Shrine, Probe (Chrono Boost)  
  40  3:27  Probe (Chrono Boost)  
  40  3:35  Gateway, Probe  
  40  3:38  Probe  
  42  3:47  Probe  
  42  3:48  Warp Prism (Chrono Boost)  
  43  3:50  Probe  
  43  3:54  Pylon  
  46  4:05  Assimilator  
  46  4:12  Probe x2  
  46  4:15  Pylon  
  48  4:18  Nexus  
  48  4:24  Probe x2  
  50  4:36  Assimilator, Probe x2  
  48  4:48  Dark Templar x3, Probe x2  
  56  5:00  Probe x2  
  56  5:11  Pylon  
  56  5:14  Archon  
  56  5:21  Stalker x3  
  62  5:32  Pylon  
  62  5:34  Probe x2 (Chrono Boost)  
  65  5:35  Probe (Chrono Boost)  
  65  5:41  Forge  
  65  5:45  Probe x2 (Chrono Boost)  
  65  5:49  Probe (Chrono Boost)  
  68  5:50  Dark Templar x2  
  68  5:51  Zealot  
  68  5:52  Shield Battery  
  72  5:57  Archon  
  72  5:58  Shield Battery  
  72  6:02  Shield Battery  
  72  6:05  Gateway  
  72  6:13  Immortal  
  72  6:14  Stalker  
  74  6:26  Stalker x2  
  72  6:38  Stalker  
Tags
 
Add a new tag
Caveats
  • Supply blocks, unpowered buildings, or Contaminate may cause inaccurate times.
  • Supply counts are checked every 10 seconds.